 Dungeon Crawl Stone Soup version 0.23.2 (webtiles) character file.

Game seed: 15469338332062641280

29 sagitran the Skirmisher (level 3, -4/29 HPs)
             Began as a Demonspawn Chaos Knight on Mar 31, 2019.
             Was a Plaything of Xom.
             Slain by a phantom (8 damage)
             ... on level 2 of the Dungeon.
             The game lasted 00:03:15 (1158 turns).

sagitran the Skirmisher (Demonspawn Chaos Knight)   Turns: 1158, Time: 00:03:15

Health: -4/29      AC:  6    Str: 13    XL:     3   Next: 1%
Magic:  3/3        EV: 10    Int: 13    God:    Xom [..*...]
Gold:   78         SH:  3    Dex: 12    Spells: 2/2 levels left

rFire    . . .     SeeInvis .   a - +0 falchion (chaos)
rCold    . . .     Gourm    .   h - +0 buckler
rNeg     . . .     Faith    .   b - +2 leather armour
rPois    .         Spirit   .   i - +0 helmet
rElec    .         Reflect  .   (no cloak)
rCorr    .         Harm     .   (no gloves)
MR       +....                  (no boots)
Stlth    +.........             (no amulet)
HPRegen  0.09/turn              k - ring of protection from magic
MPRegen  0.08/turn              (no ring)

@: no status effects
A: powered by death 1
a: Renounce Religion


You were on level 2 of the Dungeon.
You worshipped Xom.
You were a toy of Xom.
You were not hungry.

You visited 1 branch of the dungeon, and saw 2 of its levels.

You collected 78 gold pieces.

Inventory:

Hand Weapons
 a - a +0 falchion of chaos (weapon)
Missiles
 e - 6 tomahawks (quivered)
Armour
 b - a +2 leather armour (worn)
 h - a +0 buckler (worn)
 i - a +0 helmet (worn)
Jewellery
 k - a ring of protection from magic (left hand)
Scrolls
 f - 2 scrolls of remove curse {unknown}
 g - a scroll of enchant weapon {unknown}
Potions
 j - a potion of haste {unknown}
Comestibles
 c - 4 rations


   Skills:
 + Level 3.3 Fighting
 + Level 3.3 Long Blades
 + Level 1.9 Armour
 + Level 1.0 Dodging
 + Level 0.4 Stealth


You had 2 spell levels left.
You didn't know any spells.
Your spell library was empty.

Dungeon Overview and Level Annotations

Branches:
Dungeon (2/15)

Altars:


Innate Abilities, Weirdness & Mutations

You regenerate a little health from kills.


Message History

The phantom is lightly damaged.
The phantom barely misses you.
You riposte.
You barely miss the phantom.
The phantom is lightly damaged.
You closely miss the phantom.
The phantom is lightly damaged.
The phantom misses you.
You riposte.
You miss the phantom.
The phantom is lightly damaged.
Things that are here:
3 chunks of flesh; a +0 club; a hobgoblin skeleton Your shield prevents you from hitting the phantom.
The phantom is lightly damaged.
The phantom hits you but does no damage. x2
You hit the phantom.
The phantom flickers and vanishes!
Deactivating autopickup; reactivate with Ctrl-A.
Something hits you!
* * * LOW HITPOINT WARNING * * *
You closely miss something. Something hits you.
* * * LOW HITPOINT WARNING * * *
You miss something. Something hits you!
You die...

# ##.##.# #.##.#
#..#.# #####
##.#.# #...#
#...#
#...########
##..#
#..........# #..#
#..........#
#..#####........#
##>...@.%)°.°...#
#######........#
#........#
#........#
#........$#
#########.# .# #


There were no monsters in sight!

Vanquished Creatures
  A worm (D:2)
  4 giant cockroaches (D:1)
  2 goblins
  6 hobgoblins
  3 kobolds
  3 bats (D:1)
  2 frilled lizards (D:2)
21 creatures vanquished.

Notes
Turn   | Place    | Note
-------+----------+-------------------------------------------
     0 | D:1      | sagitran the Demonspawn Chaos Knight began the quest for
                  | the Orb.
     0 | D:1      | Reached XP level 1. HP: 18/18 MP: 1/1
   349 | D:1      | XOM: cast spell 'Summon Butterflies'
   376 | D:1      | Gained mutation: You regenerate a little health from kills.
                  | [demonic ancestry]
   376 | D:1      | Reached XP level 2. HP: 23/24 MP: 2/2
  1015 | D:1      | XOM: harmless Conj miscast
  1036 | D:2      | Reached skill level 1 in Dodging
  1099 | D:2      | Noticed a phantom
  1105 | D:2      | Reached XP level 3. HP: 27/29 MP: 3/3
  1136 | D:2      | XOM: smoke on damage
  1158 | D:2      | Slain by a phantom

Skill      XL: |  1  2 |
---------------+-------+-----
Long Blades    | 3 |  3.3
Dodging        | 1 |  1.0
Fighting       | |  3.3
Armour         | |  1.9
Stealth        | |  0.4

Action                   || total
-------------------------++-------
Melee: Falchion          ||    77
  Use: Potion            ||     1
 Stab: Paralysed         ||     4
  Eat: Chunk             ||     1
Armor: Leather armour    ||    38
Dodge: Dodged            ||    37
Block: Buckler           ||     6
       Rpst.: Falchion   ||    15
